Map: Cactus Valley LE (Void)

Players

MaSa (JonSnow)

  • Race: Zerg Zerg

JonSnow

  • Race: Zerg Zerg

Kelazhur

  • Race: Protoss Protoss

lIlIlIlIlI (Nina)

  • Race: Protoss Protoss

Event: Team Gravity's Fight Night #13

VOD

https://www.youtube.com/watch?v=8zqqsS00DPA&list=PL_BOlLcv8KbhFbvTakl6AYJq-DW01oMw_

Description

Time

  • Played on: April 5, 2015, 6:32 p.m.
  • Length: 7:11

All games in this series

Show
View Real Time Build Order
Export as new Build Order

MaSa Zerg 

Build Orders: Hatch First, Roach Nydus 

Get SALT Encoding   

  12  0:00  Drone  
  13  0:12  Overlord  
  13  0:21  Drone  
  14  0:32  Drone x2  
  14  0:34  Drone  
  17  0:55  Hatchery  
  16  0:58  Drone  
  16  1:01  Drone  
  18  1:13  Extractor  
  18  1:17  Spawning Pool  
  16  1:20  Drone  
  16  1:23  Drone  
  18  1:30  Overlord  
  18  1:48  Drone  
  18  1:52  Drone  
  20  2:03  Drone  
  20  2:04  Queen  
  20  2:06  Queen  
  25  2:10  Drone  
  25  2:13  Metabolic Boost  
  26  2:16  Drone  
  27  2:25  Zergling x2  
  27  2:26  Drone  
  27  2:28  Drone  
  30  2:37  Overlord  
  30  2:41  Drone  
  30  2:42  Queen  
  33  2:52  Drone x2  
  33  2:57  Overlord  
  35  3:12  Overlord x2  
  35  3:16  Zergling x2  
  35  3:17  Zergling x8  
  40  3:22  Drone x5  
  45  3:32  Drone x2, Extractor  
  46  3:36  Extractor  
  46  3:40  Lair  
  45  3:44  Roach Warren  
  45  3:46  Drone x3  
  45  3:47  Drone, Extractor  
  47  3:49  Drone  
  47  3:53  Drone  
  49  3:56  Drone x2  
  49  3:59  Zergling x2  
  52  4:02  Drone  
  52  4:06  Drone x2  
  54  4:11  Drone  
  55  4:17  Drone  
  55  4:19  Drone x2  
  55  4:23  Drone  
  57  4:25  Overlord x2  
  54  4:39  Roach x4  
  54  4:40  Roach x2  
  54  4:43  Glial Reconstitution  
  66  4:57  Nydus Network  
  65  5:06  Roach x6  
  76  5:07  Ravager  
  76  5:08  Ravager  
  76  5:12  Queen  
  80  5:19  Ravager  
  80  5:20  Spore Crawler  
  80  5:21  Spore Crawler  
  80  5:24  Drone  
  80  5:27  Roach x2  
  83  5:43  Overlord  
  83  5:44  Ravager  
  83  5:46  Overlord x3  
  84  5:55  Nydus Canal  
  84  6:02  Roach x4  
  92  6:04  Zergling x6  
  92  6:09  Zergling x2  
  96  6:11  Overseer  
  96  6:13  Ravager  
  96  6:17  Roach  
  99  6:19  Roach  
  99  6:20  Queen x2  
  92  6:34  Spore Crawler  
  92  6:35  Spine Crawler  
  81  6:41  Roach x3, Zergling x2  
  81  6:43  Ravager  
  88  6:47  Ravager  
  88  6:50  Overlord  
Show
View Real Time Build Order
Export as new Build Order

JonSnow Zerg 

Build Orders:  

Get SALT Encoding   

  12  0:00  Probe  
  14  0:16  Pylon  
  14  0:18  Probe  
  14  0:30  Probe  
  15  0:39  Probe  
  15  0:41  Gateway  
  16  0:51  Probe  
  17  1:13  Nexus  
  17  1:17  Probe  
  18  1:25  Probe  
  18  1:28  Pylon  
  19  1:33  Assimilator  
  19  1:34  Probe  
  20  1:41  Assimilator  
  20  1:43  Probe  
  20  1:52  Probe  
  21  2:00  Cybernetics Core  
  22  2:02  Probe  
  23  2:10  Probe  
  24  2:21  Probe  
  25  2:25  Probe  
  26  2:33  Probe  
  26  2:35  Probe  
  27  2:37  Warp Gate  
  27  2:43  Mothership Core  
  28  2:45  Probe  
  30  2:52  Gateway  
  30  2:57  Probe  
  31  2:59  Stalker  
  31  3:02  Probe  
  34  3:08  Probe  
  34  3:10  Probe  
  35  3:16  Probe, Stargate  
  36  3:21  Probe  
  36  3:26  Probe  
  38  3:27  Assimilator  
  38  3:31  Sentry, Assimilator  
  38  3:33  Probe  
  42  3:36  Pylon  
  42  3:40  Probe  
  43  3:45  Probe  
  44  3:54  Probe, Oracle  
  46  4:03  Pylon  
  46  4:07  Probe  
  46  4:09  Gateway  
  47  4:15  Probe  
  48  4:19  Probe  
  48  4:27  Probe x2  
  48  4:31  Oracle  
  48  4:35  Probe  
  48  4:37  Probe  
  51  4:44  Probe  
  53  4:49  Probe  
  53  4:52  Gateway  
  55  4:55  Sentry  
  55  4:56  Probe  
  58  5:00  Stargate  
  58  5:01  Probe  
  58  5:02  Gateway  
  59  5:08  Probe  
  60  5:15  Pylon  
  60  5:16  Pylon  
  60  5:24  Pylon  
  60  5:25  Pylon  
  60  5:26  Oracle  
  60  5:28  Forge  
  60  5:30  Gateway  
  60  5:33  Probe x2  
  65  5:36  Oracle  
  65  5:45  Probe  
  65  5:46  Sentry  
  71  5:53  Void Ray  
  71  5:55  Stalker  
  73  6:02  Pylon, Photon Cannon  
  73  6:05  Pylon x2  
  77  6:15  Void Ray  
  78  6:34  Photon Cannon  
  78  6:36  Zealot x2, Photon Cannon  
  78  6:37  Cybernetics Core  
  78  6:39  Pylon  
Show
View Real Time Build Order
Export as new Build Order

Kelazhur Protoss 

Build Orders:  

Get SALT Encoding   

Show
View Real Time Build Order
Export as new Build Order

lIlIlIlIlI Protoss 

Build Orders:  

Get SALT Encoding   


Tags
 
Add a new tag
Caveats
  • Supply blocks, unpowered buildings, or Contaminate may cause inaccurate times.
  • Supply counts are checked every 10 seconds.